 Dungeon Crawl Stone Soup version 0.25-a0-578-gc91f01c (webtiles) character file.

Game seed: 10509982377664609862, levelgen mode: deterministic

177 HungryMoth the Gusty (level 5, -5/37 HPs)
             Began as a Gnoll Wanderer on Mar 3, 2020.
             Slain by a river rat (8 damage)
             ... on level 3 of the Dungeon.
             The game lasted 00:09:26 (2276 turns).

HungryMoth the Gusty (Gnoll Wanderer)               Turns: 2276, Time: 00:09:27

Health: -5/37      AC:  2    Str: 14    XL:     5   Next: 57%
Magic:  1/9        EV: 12    Int: 15    God:
Gold:   111        SH:  0    Dex: 15    Spells: 0/10 levels left

rFire    . . .     SeeInvis .   t - +0 halberd
rCold    . . .     Gourm    .   (shield currently unavailable)
rNeg     . . .     Faith    .   d - +0 robe
rPois    .         Spirit   .   (no helmet)
rElec    .         Reflect  .   (no cloak)
rCorr    .         Harm     .   (no gloves)
MR       .....                  (no boots)
Stlth    ++........             (no amulet)
HPRegen  0.12/turn              (no ring)
MPRegen  0.11/turn              (no ring)

@: no status effects
A: distributed training, fangs 1, strong nose
a: no special abilities


You were on level 3 of the Dungeon.
You were hungry.

You visited 1 branch of the dungeon, and saw 3 of its levels.

You collected 111 gold pieces.

Inventory:

Hand Weapons
 s - a +0 spear
 t - a +0 halberd (weapon)
Missiles
 j - 60 stones (quivered)
Armour
 d - a +0 robe (worn)
Scrolls
 g - 3 scrolls of identify {unknown}
 i - a scroll of immolation {unknown}
 m - 2 scrolls of noise {unknown}
 o - a scroll of magic mapping {unknown}
 q - a scroll of remove curse {unknown}
 v - a scroll of fog {unknown}
 x - a scroll of teleportation {unknown}
Potions
 l - a potion of stabbing {unknown}
 p - a potion of magic {unknown}
 u - a potion of might {unknown}
Comestibles
 f - 9 rations
 w - 4 chunks of flesh


   Skills:
 + Level 1.5 Fighting
 + Level 1.5 Short Blades
 + Level 1.5 Long Blades
 + Level 1.5 Axes
 + Level 1.5 Maces & Flails
 + Level 1.5 Polearms
 + Level 1.5 Staves
 + Level 1.5 Slings
 + Level 1.5 Bows
 + Level 1.5 Crossbows
 + Level 1.5 Throwing
 + Level 1.5 Armour
 + Level 1.5 Dodging
 + Level 2.8 Stealth
 + Level 1.5 Shields
 + Level 1.5 Unarmed Combat
 + Level 3.2 Spellcasting
 + Level 4.0 Conjurations
 + Level 1.2 Hexes
 + Level 1.2 Charms
 + Level 1.2 Summonings
 + Level 1.2 Necromancy
 + Level 1.2 Translocations
 + Level 1.2 Transmutations
 + Level 1.2 Fire Magic
 + Level 1.2 Ice Magic
 + Level 5.5 Air Magic
 + Level 4.0 Earth Magic
 + Level 1.2 Poison Magic
 + Level 1.7 Invocations
 + Level 3.0 Evocations


You couldn't memorise any spells.
You knew the following spells:

 Your Spells              Type           Power        Failure   Level  Hunger
a - Sandblast             Erth           ##....       3%          1    #......
b - Swiftness             Chrm/Air       ##......     8%          2    ##.....
c - Stone Arrow           Conj/Erth      ##....       12%         3    ###....
d - Static Discharge      Conj/Air       ###.....     9%          3    ###....
z - Shock                 Conj/Air       ###.         2%          1    #......

Your spell library contained the following spells:

 Spells                   Type           Power        Failure   Level  Hunger
 Airstrike                Air            ###.......   21%         4    #####..
 Lightning Bolt           Conj/Air       ###.......   58%         5    ######.


Dungeon Overview and Level Annotations

Branches:
Dungeon (3/15)

Altars:
Gozag
Okawaru

Portals:
Sewer: D:3

Annotations:
D:3 exclusion: hippogriff


Innate Abilities, Weirdness & Mutations

Your experience applies equally to all skills.
You have very sharp teeth.
Your uncanny sense of smell can sniff out nearby items.


Message History

The giant cockroach closely misses you. The river rat bites you.
* * * LOW HITPOINT WARNING * * *
You feel better.
The giant cockroach splashes around in the water.
The river rat closely misses you.
You slash the giant cockroach!
You kill the giant cockroach!
You hit the river rat but do no damage. Your bite misses the river rat.
The river rat bites you. The river rat bites you!
* * * LOW HITPOINT WARNING * * *
Casting: Sandblast (safe; 3% risk of failure)
Confirm with . or Enter, or press ? or * to list all spells.
Aiming: Sandblast (safe; 3% risk of failure)
Press: ? - help, Shift-Dir - straight line, f - river rat
Aim: a river rat The blast of sand hits the river rat.
The river rat is moderately wounded.
j - 60 stones The river rat bites you!
You die...

#.........
#.........
##.........
........ ......
...# ######†.#
#≈≈≈†r@.#
#≈≈≈≈#..#
#≈∩†≈#.##
∆#≈≈≈≈#.#
.#≈≈≈≈#.#
#.######.#
#........##
####.##.#.###.#.##
#...###........


You could see a river rat.

Vanquished Creatures
  5 gnolls
  A river rat (D:3)
  7 adders
  An ooze (D:1)
  A leopard gecko (D:3)
  A giant cockroach (D:3)
  4 hobgoblins
  15 jackals
  3 ball pythons (D:3)
  4 bats
  2 frilled lizards
  3 goblins
  5 kobolds
  A rat (D:2)
53 creatures vanquished.

Notes
Turn   | Place    | Note
-------+----------+-------------------------------------------
     0 | D:1      | HungryMoth the Gnoll Wanderer began the quest for the Orb.
     0 | D:1      | HungryMoth set off with the following items: a +0 dagger, a
                  | potion of curing, a +0 robe, a ration; and the following
                  | spells available to memorise: Shock, Sandblast, Static
                  | Discharge, Swiftness, Stone Arrow, Airstrike, Lightning
                  | Bolt
     0 | D:1      | Reached XP level 1. HP: 13/13 MP: 4/4
     2 | D:1      | Learned a level 1 spell: Shock
   107 | D:1      | Reached XP level 2. HP: 9/19 MP: 0/5
   198 | D:1      | Learned a level 2 spell: Swiftness
   291 | D:1      | Learned a level 1 spell: Sandblast
   511 | D:1      | Reached XP level 3. HP: 25/25 MP: 4/7
   818 | D:1      | Learned a level 3 spell: Stone Arrow
   956 | D:2      | Reached skill level 1 in Invocations
  1080 | D:2      | Reached skill level 1 in Fighting
  1080 | D:2      | Reached skill level 1 in Short Blades
  1080 | D:2      | Reached skill level 1 in Long Blades
  1080 | D:2      | Reached skill level 1 in Axes
  1080 | D:2      | Reached skill level 1 in Maces & Flails
  1080 | D:2      | Reached skill level 1 in Polearms
  1080 | D:2      | Reached skill level 1 in Staves
  1080 | D:2      | Reached skill level 1 in Slings
  1080 | D:2      | Reached skill level 1 in Bows
  1080 | D:2      | Reached skill level 1 in Crossbows
  1080 | D:2      | Reached skill level 1 in Throwing
  1080 | D:2      | Reached skill level 1 in Armour
  1080 | D:2      | Reached skill level 1 in Dodging
  1080 | D:2      | Reached skill level 1 in Shields
  1080 | D:2      | Reached skill level 1 in Unarmed Combat
  1098 | D:2      | Reached XP level 4. HP: 30/32 MP: 3/8
  1152 | D:2      | Reached skill level 1 in Hexes
  1152 | D:2      | Reached skill level 1 in Charms
  1152 | D:2      | Reached skill level 1 in Summonings
  1152 | D:2      | Reached skill level 1 in Necromancy
  1152 | D:2      | Reached skill level 1 in Translocations
  1152 | D:2      | Reached skill level 1 in Transmutations
  1152 | D:2      | Reached skill level 1 in Fire Magic
  1152 | D:2      | Reached skill level 1 in Ice Magic
  1152 | D:2      | Reached skill level 1 in Poison Magic
  1475 | D:2      | Reached XP level 5. HP: 19/37 MP: 6/9
  1827 | D:2      | Found an opulent altar of Gozag.
  2139 | D:3      | Found an iron altar of Okawaru.
  2152 | D:3      | Noticed a hippogriff
  2158 | D:3      | Learned a level 3 spell: Static Discharge
  2246 | D:3      | Found a glowing drain.
  2276 | D:3      | Slain by a river rat

Levels and vault maps discovered:
D:1:      psy_arrival_heroes, layout_basic
D:2:      layout_basic, nicolae_gozag_seed_capital
D:3:      layout_loops_corners, okawaru_ov_weapons_minmay, portal_sewer_entry_c

Skill      XL: |  1  2  3  4  5 |
---------------+----------------+-----
Invocations    | 1 |  1.7
Fighting       | 1 |  1.5
Short Blades   | 1 |  1.5
Long Blades    | 1 |  1.5
Axes           | 1 |  1.5
Maces & Flails | 1 |  1.5
Polearms       | 1 |  1.5
Staves         | 1 |  1.5
Slings         | 1 |  1.5
Bows           | 1 |  1.5
Crossbows      | 1 |  1.5
Throwing       | 1 |  1.5
Armour         | 1 |  1.5
Dodging        | 1 |  1.5
Shields        | 1 |  1.5
Unarmed Combat | 1 |  1.5
Spellcasting   | 3 |  3.2
Hexes          | 1 |  1.2
Charms         | 1 |  1.2
Summonings     | 1 |  1.2
Necromancy     | 1 |  1.2
Translocations | 1 |  1.2
Transmutations | 1 |  1.2
Fire Magic     | 1 |  1.2
Ice Magic      | 1 |  1.2
Poison Magic   | 1 |  1.2
Evocations     | 3 |  3.0
Conjurations   | 4 |  4.0
Earth Magic    | 4 |  4.0
Stealth        | |  2.8
Air Magic      | |  5.5

Action                   |  1- 3 |  4- 6 || total
-------------------------+-------+-------++-------
Melee: Dagger            |    41 |       ||    41
       Bite              |     4 |       ||     4
       Halberd           |       |    31 ||    31
 Cast: Shock             |    16 |     8 ||    24
       Sandblast         |    10 |    13 ||    23
       Stone Arrow       |     4 |     4 ||     8
       Static Discharge  |       |     3 ||     3
  Use: Potion            |       |     1 ||     1
 Stab: Sleeping          |       |     4 ||     4
  Eat: Chunk             |     1 |     4 ||     5
Armor: Robe              |     5 |    10 ||    15
Dodge: Dodged            |    33 |    40 ||    73

Table legend:
 A = Non-vault XP
 B = Vault XP
 C = Vault XP percentage of total XP
 D = Non-vault monster count
 E = Vault monster count
 F = Vault count percentage of total count
                 A         B        C        D         E       F
            +---------+---------+-------+---------+---------+-------
      Total |     218 |      35 |  13.8 |      47 |       6 |  11.3
            +---------+---------+-------+---------+---------+-------
        D:1 |      52 |       0 |   0.0 |      20 |       0 |   0.0
        D:2 |     145 |       0 |   0.0 |      23 |       0 |   0.0
        D:3 |      21 |      35 |  62.5 |       4 |       6 |  60.0
            +---------+---------+-------+---------+---------+-------
